 Dungeon Crawl Stone Soup version 0.26-a0-667-g92642533e4 (webtiles) character file.

Game seed: 9851141678477425213

1821 Ijustatesigmund the Covert (level 8, -1/44 HPs)
             Began as a Spriggan Wanderer on Oct 16, 2020.
             Slain by an orc knight
             ... wielding a +0 trident
              (25 damage)
             ... in a bailey.
             The game lasted 00:23:23 (11424 turns).

Ijustatesigmund the Covert (Spriggan Wanderer)     Turns: 11424, Time: 00:23:26

Health: -1/44      AC:  2    Str: 13    XL:     8   Next: 85%
Magic:  8/8        EV: 21    Int: 10    God:
Gold:   338        SH:  0    Dex: 16    Spells: 7/7 levels left

rFire    . . .     SeeInvis +   a - +3 dagger
rCold    . . .     Faith    .   (shield restricted)
rNeg     . . .     Spirit   .   d - +0 robe
rPois    .         Reflect  .   (helmet restricted)
rElec    .         Harm     .   (no cloak)
rCorr    .         Rampage  .   (gloves unavailable)
MR       +....                  (boots unavailable)
Stlth    +++++.....             (no amulet)
HPRegen  0.14/turn              (no ring)
MPRegen  0.11/turn              (no ring)

@: very quick
A: very small, unfitting armour, see invisible, blink, dopey 1, speed 3, low mp
1, strong 1, wild magic 1
a: Blink


You were in a bailey.
You visited 1 branch of the dungeon, and saw 7 of its levels.
You also visited: Sewer and Bailey.

You collected 338 gold pieces.

Inventory:

Hand Weapons
 a - a +3 dagger (weapon)
 u - a +0 rapier
Armour
 d - a +0 robe (worn)
Jewellery
 r - an uncursed ring of fire
 s - an uncursed ring of teleportation
Wands
 f - a wand of paralysis (1)
 g - a wand of digging (4)
Scrolls
 e - a scroll of fog
 j - 2 scrolls of immolation
 m - 3 scrolls of amnesia
Potions
 b - 3 potions of haste
 c - 3 potions of lignification
 h - a potion of heal wounds
 i - 4 potions of curing
 l - a potion of flight
 n - a potion of might
 o - a potion of berserk rage
 p - 3 potions of stabbing
 q - a potion of brilliance


   Skills:
 + Level 5.5 Fighting
 + Level 7.1 Short Blades
 - Level 1.0 Throwing
 - Level 5.5 Dodging
 + Level 10.3 Stealth
 - Level 1.5 Unarmed Combat


You had 7 spell levels left.
You didn't know any spells.
Your spell library contained the following spells:

 Spells                   Type           Power        Failure   Level
 Summon Small Mammal      Summ           #...         45%         1
 Call Imp                 Summ           #.......     58%         2
 Call Canine Familiar     Summ           #.......     82%         3
 Summon Guardian Golem    Hex/Summ       #.......     82%         3
 Summon Ice Beast         Ice/Summ       #.......     99%         4
 Summon Lightning Spire   Summ/Air       #.......     99%         4


Dungeon Overview and Level Annotations

Branches:
Dungeon (7/15)             Temple (0/1) D:4           Sewer (visited)
 Bailey (1/1)

Altars:
Makhleb
Ru

Annotations:
D:7 1 transporter


Innate Abilities, Weirdness & Mutations

You are very small and have problems with some larger weapons.
You are too small for most types of armour.
You have supernaturally acute eyesight. (SInv)
You cover ground extremely quickly.
You can translocate small distances at will.
You are dopey. (Int -2)
Your magical capacity is low. (-10% MP)
Your muscles are strong. (Str +2)
Your spells are a little harder to cast, but a little more powerful.


Message History

An orc knight comes into view. It is wielding a +0 glaive.
You closely miss the orc.
The orc is lightly wounded.
The orc completely misses you.
The orc knight roars a battlecry!
The orcs go into a battle-frenzy!
An orc knight comes into view. It is wielding a +0 halberd.
You hit the orc.
The orc is heavily wounded.
The orc hits you with a +0 trident!
You hit the orc but do no damage.
The orc is heavily wounded.
You hit the orc but do no damage.
The orc is heavily wounded.
The orc knight roars a battlecry!
The orc knight goes into a battle-frenzy!
The orc completely misses you.
The orc knight hits you from afar with a +0 trident!!
Ouch! That really hurt!
You die...

#.≈..##...' #.≈≈..##.##.§ #
##.≈≈.)#'# § § # #∩.≈≈..#'#
∩⌠ # #.≈≈..## # o.. #
#.≈..## §≈≈ #.≈.## ..
#.≈.#########o###+## #######
#.≈........@.## ... ##....o.
#.≈≈≈≈≈≈≈≈≈≈o.##.∩.##..≈≈≈≈≈
#..........≈≈..## ##..≈≈....
##########..≈≈..###..≈≈..###
##..≈≈.....≈≈..##
##..≈≈≈≈≈≈≈..##
##.........## ###########


You could see 2 orc knights and an orc (strong).

Vanquished Creatures
  Grinder (D:3)
  Eustachio (D:5)
  An orc warrior (Bailey)
  A phantom (D:4)
  A sky beast (D:5)
  A necrophage (Sewer)
  2 ogres (D:4)
  A gnoll sergeant (D:5)
  A water moccasin zombie (D:6)
  A scorpion (D:5)
  2 wights (Sewer)
  A howler monkey (D:5)
  A bullfrog zombie (D:6)
  A hound (D:3)
  An orc priest (D:3)
  A centaur skeleton (D:7)
  An iguana (D:4)
  2 orc wizards
  A worker ant (D:5)
  A killer bee zombie (D:5)
  3 big kobold zombies (Sewer)
  6 adders
  9 gnolls
  6 shadow imps
  3 ufetubi (Sewer)
  5 oozes
  2 adder skeletons
  4 worms
  3 dart slugs
  A leopard gecko (D:1)
  29 orcs
  5 ball pythons
  7 bats
  A bat zombie (Sewer)
  6 giant cockroaches
  6 goblins
  7 hobgoblins
  18 kobolds
  3 quokkas
  A frilled lizard (D:2)
  A jackal skeleton (D:4)
  A jackal zombie (D:5)
  6 rats
156 creatures vanquished.

Notes
Turn   | Place    | Note
-------+----------+-------------------------------------------
     0 | D:1      | Ijustatesigmund the Spriggan Wanderer began the quest for
                  | the Orb.
     0 | D:1      | Ijustatesigmund set off with the following items: a +2
                  | dagger, a potion of haste, a potion of lignification, a +0
                  | robe
     0 | D:1      | Reached XP level 1. HP: 10/10 MP: 2/2
   102 | D:1      | Reached skill level 2 in Stealth
   281 | D:1      | Reached skill level 1 in Short Blades
   290 | D:1      | Reached XP level 2. HP: 9/14 MP: 3/3
  1146 | D:2      | Reached XP level 3. HP: 15/18 MP: 4/4
  1147 | D:2      | Reached skill level 3 in Stealth
  2146 | D:3      | Reached XP level 4. HP: 19/23 MP: 5/5
  2503 | D:3      | Reached skill level 4 in Stealth
  2867 | D:3      | Found a faded altar of an unknown god.
  3322 | D:3      | Noticed Grinder
  3352 | D:3      | Paralysed by Grinder for 3 turns
  3357 | D:3      | Killed Grinder
  3357 | D:3      | Reached skill level 5 in Stealth
  3357 | D:3      | Reached XP level 5. HP: 7/28 MP: 6/6
  3357 | D:3      | Reached XP level 6. HP: 8/32 MP: 7/7
  3991 | D:3      | Reached skill level 6 in Stealth
  4127 | D:3      | Found a burning altar of Makhleb.
  4453 | D:4      | Found a staircase to the Ecumenical Temple.
  4520 | D:4      | Found a glowing drain.
  4541 | Sewer    | Entered a sewer
  5778 | Sewer    | Found an ancient bone altar of Kikubaaqudgha.
  5816 | Sewer    | Reached XP level 7. HP: 29/36 MP: 8/8
  5918 | Sewer    | Reached skill level 7 in Stealth
  6631 | D:4      | Reached skill level 5 in Short Blades
  6818 | D:4      | Reached skill level 8 in Stealth
  6878 | D:5      | Entered Level 5 of the Dungeon
  7629 | D:4      | Reached XP level 8. HP: 23/42 MP: 9/9
  8175 | D:5      | Noticed Eustachio
  8178 | D:5      | Killed Eustachio
  8254 | D:5      | Reached skill level 9 in Stealth
  8361 | D:5      | Found a sacrificial altar of Ru.
  8363 | D:5      | Gained mutation: Your spells are a little harder to cast,
                  | but a little more powerful. [potion of mutation]
  8363 | D:5      | Gained mutation: You tend to lose your temper in combat.
                  | [potion of mutation]
  8363 | D:5      | Gained mutation: You have a pair of small antennae on your
                  | head. [potion of mutation]
  9113 | D:5      | Reached skill level 5 in Fighting
  9393 | D:5      | Paralysed by a gnoll for 4 turns
  9730 | D:5      | Paralysed by a gnoll for 2 turns
 10075 | D:5      | Paralysed by a gnoll for 2 turns
 10588 | D:6      | Lost mutation: You have a pair of small antennae on your
                  | head. [potion of mutation]
 10588 | D:6      | Lost mutation: You tend to lose your temper in combat.
                  | [potion of mutation]
 10588 | D:6      | Gained mutation: You are dopey. (Int -2) [potion of
                  | mutation]
 10588 | D:6      | Gained mutation: Your magical capacity is low. (-10% MP)
                  | [potion of mutation]
 10588 | D:6      | Gained mutation: Your muscles are strong. (Str +2) [potion
                  | of mutation]
 10588 | D:6      | Gained mutation: You can translocate small distances at
                  | will. [potion of mutation]
 10804 | D:6      | Reached skill level 10 in Stealth
 10884 | D:7      | Found a flagged portal.
 10900 | D:7      | Found a transporter.
 10973 | Bailey   | Entered a bailey
 11106 | Bailey   | Noticed an orc knight
 11420 | Bailey   | Noticed an orc knight
 11422 | Bailey   | Noticed an orc knight
 11424 | Bailey   | Slain by an orc knight

Illustrated notes

Levels and vault maps discovered:
D:1:      dpeg_arrival_stonehenge_8_columns, layout_loops_ring
D:2:      layout_loops_corners, minmay_cut_off
D:3:      layout_loops_corners, chequers_ecumenical_altar_simple,
          makhleb_heckhound_becter, uniq_grinder
D:4:      layout_basic, minmay_temple_entry_water_ring,
          cheibrodos_sewer_entry_drain
D:5:      layout_loops_ring, basic_altar, uniq_eustachio
D:6:      layout_basic
D:7:      gammafunk_wand_slinger, layout_cave_pools, kennysheep_mini_moat,
          serial_gnoll_camp, grums_kennel, gnoll_camp_medium_02,
          gnoll_camp_mini_hut, gnoll_camp_mini_hut, gnoll_camp_mini_shop,
          gnoll_camp_mini_basic, enter_bailey_2
Bailey:   bailey_polearm_1, bailey

Skill      XL: |  1  2  3  4  5  6  7  8 |
---------------+-------------------------+-----
Stealth        | 2 3 5 6 8 10 | 10.3
Short Blades   | 1 2 3 4 5 7 |  7.1
Fighting       | 2 3 4 5 |  5.5
Throwing       | |  1.0
Dodging        | |  5.5
Unarmed Combat | |  1.5

Action                   |  1- 3 |  4- 6 |  7- 9 || total
-------------------------+-------+-------+-------++-------
Melee: Dagger            |   133 |   265 |   439 ||   837
       Punch             |     1 |     1 |     1 ||     3
Throw: Dart              |       |     4 |    25 ||    29
 Abil: Blink             |       |       |     1 ||     1
Evoke: Wand              |       |       |     4 ||     4
  Use: Scroll            |     6 |     4 |     7 ||    17
       Potion            |       |     4 |     4 ||     8
 Stab: Sleeping          |    11 |     8 |     7 ||    26
       Distracted        |       |       |     3 ||     3
       Paralysed         |       |       |     2 ||     2
Armor: Robe              |    11 |    12 |    10 ||    33
Dodge: Dodged            |    99 |   227 |   333 ||   659

Table legend: (Time is in decaauts)
 A = Elapsed time spent in this place.
 B = Non-inter-level travel time spent in this place.
 C = Inter-level travel time spent in this place.
 D = Time resting spent in this place.
 E = Time spent auto-exploring this place.
 F = Levels seen in this place.
 G = Mean time per level.
                   A        B        C        D        E       F      G
               +--------+--------+--------+--------+--------+-----+--------+
         Total |   9574 |   9432 |    142 |   5079 |   2753 |   9 | 1063.8 |
       Dungeon |   7291 |   7149 |    142 |   3543 |   2428 |   7 | 1041.6 |
         Sewer |   1901 |   1901 |      0 |   1297 |    300 |   1 | 1901.0 |
        Bailey |    382 |    382 |      0 |    238 |     24 |   1 |  382.0 |
               +--------+--------+--------+--------+--------+-----+--------+

Top non-repeatable levels by time:
   Sewer: 1901 daAuts
     D:3: 1789 daAuts
     D:4: 1538 daAuts
     D:5: 1221 daAuts
     D:2: 987 daAuts
     D:6: 853 daAuts
     D:1: 797 daAuts
  Bailey: 382 daAuts
     D:7: 102 daAuts
